 Dungeon Crawl Stone Soup version 0.20.1-1-g8b1a95d (webtiles) character file.

3577 Linguinho the Blocker (level 9, -11/81 HPs)
             Began as a Deep Dwarf Fighter on Oct 29, 2017.
             Was a Believer of Ashenzari.
             Mangled by a two-headed ogre
             ... wielding a +0 giant spiked club
              (15 damage)
             ... on level 8 of the Dungeon.
             The game lasted 00:20:35 (5577 turns).

Linguinho the Blocker (Deep Dwarf Fighter)          Turns: 5577, Time: 00:20:36

Health: -11/81     AC: 11    Str: 24    XL:     9   Next: 84%
Magic:  0/0        EV: 10    Int:  8    God:    Ashenzari [**....]
Gold:   388        SH: 12    Dex: 12    Spells: 8/8 levels left

rFire    + . .     SeeInvis .   a - +0 flail (curse)
rCold    . . .     Gourm    .   c - +0 shield (curse)
rNeg     . . .     Faith    .   E - +2 scale mail {rF+} (curse)
rPois    .         Spirit   .   B - +0 helmet (curse)
rElec    .         Reflect  .   (no cloak)
rCorr    .         Harm     .   (no gloves)
MR       +....                  (no boots)
Stlth    ..........             (no amulet)
Regen    0.0/turn               l - ring of loudness (curse)
MPRegen  0.1/turn               (no ring)

@: non-regenerating
A: damage resistance, heal wounds, sense surroundings 2, no regeneration
a: Heal Wounds, Curse Item, Scrying, Renounce Religion


You were on level 8 of the Dungeon.
You worshipped Ashenzari.
Ashenzari was pleased with you.
You were not hungry.

You visited 1 branch of the dungeon, and saw 9 of its levels.

You collected 478 gold pieces.
You spent 90 gold pieces at shops.

Inventory:

Hand Weapons
 a - a cursed +0 flail (weapon)
 D - a +0 dire flail of protection
Armour
 c - a cursed +0 shield (worn)
 B - a cursed +0 helmet (worn)
 E - a cursed +2 scale mail of fire resistance (worn)
Jewellery
 l - a cursed ring of loudness (left hand)
 r - an uncursed ring of stealth
Wands
 p - a wand of confusion (31/48)
 w - a wand of scattershot (6/9)
 C - a wand of random effects (19/48)
 G - a wand of acid (3/15)
Scrolls
 g - 4 scrolls of amnesia
 n - a scroll of fear {unknown}
 o - a scroll of magic mapping
 q - 2 scrolls of enchant armour
 s - 4 scrolls of teleportation
 v - a scroll of random uselessness {unknown}
 A - a scroll of vulnerability {unknown}
 F - a scroll of torment {unknown}
Potions
 d - a potion of might
 e - 8 potions of curing
 h - 2 potions of brilliance {unknown}
 i - a potion of flight
 j - a potion of haste
 k - 2 potions of agility
 m - a potion of resistance
 t - a potion of mutation {unknown}
 z - 2 potions of invisibility
Books
 y - a book of Flames

   Spells                             Type                      Level
   a - Flame Tongue                   Conjuration/Fire             1
   b - Throw Flame                    Conjuration/Fire             2
   c - Conjure Flame                  Conjuration/Fire             3
   d - Inner Flame                    Hexes/Fire                   3
   e - Sticky Flame                   Conjuration/Fire             4
   f - Fireball                       Conjuration/Fire             5
Comestibles
 b - 6 meat rations
 f - 3 bread rations
 u - 6 fruits
 x - 14 royal jellies


   Skills:
 + Level 5.2 Fighting
 + Level 7.7(10.1) Maces & Flails
 * Level 8.0 Armour
 + Level 2.9 Dodging
 + Level 1.0 Stealth
 * Level 9.5(10.9) Shields


You had 8 spell levels left.
You didn't know any spells.

Dungeon Overview and Level Annotations

Branches:
Dungeon (9/15)             Temple (0/1) D:6
   Lair: D:8-11         Orc: D:9-12

Altars:
Ashenzari
Cheibriados
Dithmenos
Fedhas
Gozag
Makhleb
Nemelex Xobeh
Sif Muna
Vehumet
Zin

Shops:
D:5 ?   D:7 (

Annotations:
D:9 hilaritas's ghost, journeyman TrFi


Innate Abilities, Weirdness & Mutations

You are resistant to damage.
You can heal yourself by infusing magical energy.
You passively map the area around you.
You do not regenerate.


Message History

You hit the two-headed ogre but do no damage.
The two-headed ogre is moderately wounded.
You block the two-headed ogre's attack. The two-headed ogre closely misses you.
You barely miss the two-headed ogre.
The two-headed ogre is moderately wounded.
You block the two-headed ogre's attack.
The two-headed ogre hits you with a giant spiked club!
* * * LOW HITPOINT WARNING * * *
You sock the two-headed ogre!
The two-headed ogre is heavily wounded.
You sock the two-headed ogre!
The two-headed ogre is severely wounded.
You block the two-headed ogre's attack.
The two-headed ogre hits you with a giant spiked club!
* * * LOW HITPOINT WARNING * * *
You sock the two-headed ogre!
The two-headed ogre is almost dead.
You block the two-headed ogre's attack.
The two-headed ogre hits you with a giant spiked club!
You die...

#....................'...........
#............(.......#...........
#...........((.......#...........
#.......)............#...........
#.......)[....(......#........###
#.........)..).......#........##.
#...............o....#...........
#...##..####..##O########.....##.
#...##..####..##@##..####.....##.
#.........#...................'..
#.........#...................##.
#.........#...................###
#.........#......................
#...†.....'...........)).........
#...##....##.....................
#...##....##........[............
#.........##....###..####.....##.


You could see a two-headed ogre and an orc.

Vanquished Creatures
  The ghost of Linguinho the Shield-Bearer, a novice DDFi (D:6)
  A hippogriff (D:8)
  Sigmund (D:4)
  Edmund (D:5)
  A water moccasin (D:9)
  4 orc warriors
  2 ogres
  3 phantoms
  2 centaurs
  5 bullfrogs
  A big kobold (D:5)
  A scorpion (D:5)
  A water moccasin skeleton (D:8)
  A bullfrog zombie (D:6)
  A crimson imp (D:5)
  4 hounds
  6 jellies
  A bullfrog skeleton (D:7)
  4 orc priests
  A gnoll shaman (D:6)
  5 orc wizards
  An iguana (D:8)
  3 worker ants
  A hound zombie (D:7)
  A howler monkey zombie (D:5)
  9 adders
  7 gnolls
  8 oozes
  2 worms
  2 dart slugs
  5 leopard geckos
  18 orcs
  6 giant cockroaches
  9 goblins
  4 hobgoblins
  5 jackals
  14 kobolds
  4 quokkas
  A ball python (D:4)
  6 bats
  5 frilled lizards
  A quokka skeleton (D:5)
  A quokka zombie (D:8)
  10 rats
170 creatures vanquished.

Vanquished Creatures (others)
  A jackal (D:9)
1 creature vanquished.

Grand Total: 171 creatures vanquished

Notes
Turn   | Place    | Note
-------+----------+-------------------------------------------
     0 | D:1      | Linguinho the Deep Dwarf Fighter began the quest for the Orb.
     0 | D:1      | Reached XP level 1. HP: 20/20 MP: 1/1
   222 | D:1      | Reached XP level 2. HP: 24/27 MP: 2/2
   796 | D:1      | Reached XP level 3. HP: 19/33 MP: 3/3
  1280 | D:2      | Reached skill level 4 in Shields
  1280 | D:2      | Reached XP level 4. HP: 40/40 MP: 4/4
  1327 | D:2      | Found a shadowy altar of Dithmenos.
  1327 | D:2      | Found a deep blue altar of Sif Muna.
  1332 | D:2      | Found a snail-covered altar of Cheibriados.
  1337 | D:2      | Found a faded altar of an unknown god.
  1339 | D:2      | Found a faded altar of an unknown god.
  1454 | D:2      | Found a glowing silver altar of Zin.
  2035 | D:3      | Found a faded altar of an unknown god.
  2064 | D:3      | Found a shattered altar of Ashenzari.
  2112 | D:3      | Reached XP level 5. HP: 44/49 MP: 5/5
  2155 | D:3      | Became a worshipper of Ashenzari the Shackled
  2449 | D:4      | Reached skill level 1 in Dodging
  2547 | D:4      | Noticed Sigmund
  2554 | D:4      | Killed Sigmund
  2554 | D:4      | Reached XP level 6. HP: 47/56 MP: 4/4
  2983 | D:4      | Found a burning altar of Makhleb.
  3082 | D:5      | Entered Level 5 of the Dungeon
  3160 | D:5      | Identified the cursed +0 dagger of Fatiric {flame, rC- rN+++ Str-3 Dex+8}
  3231 | D:5      | Noticed Edmund
  3246 | D:5      | Killed Edmund
  3246 | D:5      | Reached skill level 1 in Stealth
  3246 | D:5      | Reached skill level 5 in Shields
  3246 | D:5      | Reached XP level 7. HP: 56/63 MP: 5/5
  3276 | D:5      | Found a blossoming altar of Fedhas.
  3453 | D:5      | Reached skill level 5 in Maces & Flails
  3453 | D:5      | Reached skill level 5 in Armour
  3512 | D:5      | Reached * piety under Ashenzari
  3530 | D:5      | Found Gur Ciat's Magic Scroll Boutique.
  3533 | D:5      | Bought a scroll of remove curse for 45 gold pieces
  3533 | D:5      | Bought a scroll of teleportation for 45 gold pieces
  3926 | D:6      | Noticed Linguinho's ghost (novice DDFi)
  4002 | D:6      | Killed Linguinho's ghost
  4002 | D:6      | Reached skill level 6 in Shields
  4002 | D:6      | Reached XP level 8. HP: 58/73 MP: 6/6
  4092 | D:6      | Identified the +4 spear of Xukih {flame, rF+ Dex+2}
  4128 | D:6      | Reached skill level 7 in Shields
  4223 | D:6      | Found a staircase to the Ecumenical Temple.
  4500 | D:7      | Found a radiant altar of Vehumet.
  4532 | D:7      | Reached skill level 8 in Shields
  4539 | D:7      | Gained mutation: You passively map the area around you. [Deep Dwarf growth]
  4539 | D:7      | Reached XP level 9. HP: 78/79 MP: 3/3
  4564 | D:7      | Found an opulent altar of Gozag.
  4652 | D:7      | Found a sparkling altar of Nemelex Xobeh.
  4687 | D:7      | Found Ocaon's Weapon Shop.
  4898 | D:7      | Reached ** piety under Ashenzari
  5125 | D:8      | Reached skill level 5 in Fighting
  5195 | D:8      | Reached skill level 9 in Shields
  5539 | D:9      | Noticed a two-headed ogre
  5540 | D:9      | Noticed hilaritas's ghost (journeyman TrFi)
  5576 | D:8      | HP: 4/81 [two-headed ogre/giant spiked club (8)]
  5577 | D:8      | Mangled by a two-headed ogre

Skill      XL: |  1  2  3  4  5  6  7  8  9 |
---------------+----------------------------+-----
Maces & Flails | 3 4 5 6 7 |  7.7
Shields        | 4 5 6 8 9 |  9.5
Fighting       | 3 4 5 |  5.2
Armour         | 4 5 7 8 |  8.0
Dodging        | 1 2 |  2.9
Stealth        | 1 |  1.0

Action                   |  1- 3 |  4- 6 |  7- 9 || total
-------------------------+-------+-------+-------++-------
Melee: Flail             |   140 |   179 |   517 ||   836
Invok: Curse Item        |       |     2 |     2 ||     4
 Abil: Heal Wounds       |     3 |     5 |    26 ||    34
Evoke: Wand              |       |       |     1 ||     1
  Use: Scroll            |       |       |    10 ||    10
  Eat: Chunk             |     1 |     5 |     2 ||     8
       Meat ration       |       |       |     1 ||     1
       Bread ration      |       |       |     1 ||     1
Armor: Scale mail        |    73 |    73 |   216 ||   362
Dodge: Dodged            |    52 |    58 |   246 ||   356
Block: Shield            |   108 |    99 |   394 ||   601
